 Dungeon Crawl Stone Soup version 0.31.0-32-g396128a36d (webtiles) character file.

Game seed: 12677497136168915716

65 LowPressure the Slasher (level 3, -3/27 (28) HPs)
             Began as a Demonspawn Gladiator on Mar 20, 2024.
             Slain by Pikel
             ... wielding a +2 whip of freezing
              (5 damage)
             ... on level 3 of the Dungeon.
             The game lasted 00:08:56 (2146 turns).

LowPressure the Slasher (Demonspawn Gladiator)      Turns: 2146, Time: 00:08:58

HP:   -3/27 (28)    AC:  6    Str: 16    XL:     3   Next: 94%
MP:   3/3           EV: 11    Int:  8    God:
Gold: 39            SH:  4    Dex: 14    Spells: 2/2 levels left

rFire   + . .        a - +0 long sword
rCold   . . .        s - +0 buckler
rNeg    . . .        o - +0 ring mail
rPois   .            c - +0 helmet
rElec   .            (no cloak)
rCorr   .            (no gloves)
SInv    .            (no boots)
Will    .....        (no amulet)
Stlth   +            r - ring of protection from fire
HPRegen 0.24/turn    (no ring)
MPRegen 0.08/turn

%: no passive effects
@: hasted, lightly drained, very quick
A: powered by death 1, demonic touch 1
a: no special abilities


You were on level 3 of the Dungeon.
You visited 1 branch of the dungeon, and saw 4 of its levels.

You collected 128 gold pieces.
You spent 89 gold pieces at shops.

Inventory:

Hand Weapons
 a - a +0 long sword (weapon)
 p - a +0 dagger of draining
 y - a +0 dagger of venom
Missiles
 d - 3 throwing nets (quivered)
 e - a javelin
Armour
 b - a +0 leather armour
 c - a +0 helmet (worn)
 f - a scarf of invisibility
 l - a scarf of shadows
 o - a +0 ring mail (worn)
 s - a +0 buckler (worn)
Jewellery
 r - a ring of protection from fire (left hand)
Wands
 u - a wand of roots (14)
Scrolls
 g - a scroll of blinking
 h - a scroll of revelation {unknown}
 j - a scroll of teleportation {unknown}
 q - a scroll of vulnerability {unknown}
 t - a scroll of enchant armour {unknown}
 v - a scroll of poison {unknown}
 w - a scroll of identify {unknown}
 x - a scroll of summoning {unknown}
Potions
 i - a potion of lignification {unknown}
 k - 2 potions of curing
 m - a potion of magic {unknown}
 n - a potion of haste
 z - a potion of resistance {unknown}


   Skills:
 + Level 2.6 Fighting
 + Level 3.3 Long Blades
 + Level 1.7 Throwing
 + Level 1.1 Armour
 + Level 3.1 Dodging
 + Level 0.1 Stealth


You had 2 spell levels left.
You didn't know any spells.
Your spell library contained the following spells:

 Spells                   Type           Power      Damage    Failure   Level
 Summon Ice Beast         Ice/Summ       0%         N/A       97%         3
 Tukima's Dance           Hex            0%         N/A       97%         3
 Passage of Golubria      Tloc           0%         N/A       100%        4
 Summon Mana Viper        Hex/Summ       0%         N/A       100%        5
 Yara's Violent Unravell  Hex/Alch       0%         3d3       100%        5
 Monstrous Menagerie      Summ           0%         N/A       100%        7


Dungeon Overview and Level Annotations

Branches:
Dungeon (4/15)
 Temple: D:4-7

Altars:

Shops:
D:3 **[:   D:4 [

Annotations:
D:3 exclusion: downstairs, Pikel


Innate Abilities, Weirdness & Mutations

You regenerate a little health from kills.
Your touch may inflict minor irresistible damage on your foes.


Message History

You hit Pikel.
Pikel is lightly wounded.
Pikel closely misses you.
You slash Pikel!
Pikel is moderately wounded.
You block Pikel's attack.
You miss Pikel.
Pikel is moderately wounded.
Pikel misses you.
You closely miss Pikel.
Pikel is moderately wounded.
You block Pikel's attack. Pikel closely misses you.
You barely miss Pikel.
Pikel is moderately wounded.
You block Pikel's attack.
You closely miss Pikel.
Pikel is moderately wounded.
Pikel says, "You'll burn in Gehenna!"
Pikel hits you with a +2 whip of freezing.
Pikel freezes you.
You hit Pikel.
Pikel is moderately wounded.
Pikel hits you with a +2 whip of freezing.
* * * LOW HITPOINT WARNING * * *
Pikel freezes you.
* * * LOW HITPOINT WARNING * * *
It was a potion of curing.
You feel better. You block Pikel's attack.
It was a potion of haste.
You feel yourself speed up. Pikel barely misses you.
Pikel hits you with a +2 whip of freezing.
Pikel freezes you.
You climb upwards.
Level annotation: exclusion: downstairs
There is a stone staircase leading down here.
You hit Pikel but do no damage.
Pikel is moderately wounded.
Pikel hits you with a +2 whip of freezing!
* * * LOW HITPOINT WARNING * * *
Pikel freezes you.
You die...
Pikel says, "See you in Hell!"

#...........#
#.##.#
#.........
#...........#
#.##.#
#)........
#...........#
#.##.#
#.........
#...........#
#.##.#
##########
#########.###
#.##.#
#...####.##.#
###...##.##.#
###.##.##.#
#...@K..#
#########


You could see Pikel.

Vanquished Creatures
  An adder (D:2)
  3 ribbon worms (D:2)
  4 bats
  5 endoplasms
  6 giant cockroaches
  6 goblins
  4 hobgoblins
  3 quokkas
  3 ball pythons (D:2)
  2 frilled lizards
  4 kobolds
  4 rats
45 creatures vanquished.

Notes
Turn   | Place    | Note
-------+----------+-------------------------------------------
     0 | D:1      | LowPressure the Demonspawn Gladiator began the quest for
                  | the Orb.
     0 | D:1      | Reached XP level 1. HP: 16/16 MP: 1/1
   310 | D:1      | Discovered your monstrous ancestry.
   310 | D:1      | Gained mutation: Your touch may inflict minor irresistible
                  | damage on your foes. [demonic ancestry]
   310 | D:1      | Reached XP level 2. HP: 22/22 MP: 2/2
  1041 | D:2      | Gained mutation: You regenerate a little health from kills.
                  | [demonic ancestry]
  1041 | D:2      | Reached XP level 3. HP: 27/28 MP: 3/3
  1666 | D:3      | Reached skill level 1 in Armour
  1667 | D:3      | Found Lef Zix's Book Shoppe.
  1888 | D:3      | Found Gighimum's Armour Emporium.
  1970 | D:3      | Found Muqochep's Assorted Antiques.
  1995 | D:3      | Found Raocvyis's General Store.
  2002 | D:3      | Bought a scroll labelled VUETISS KIMNO for 23 gold pieces
  2002 | D:3      | Bought a scroll labelled VOVVAIMOCA for 23 gold pieces
  2002 | D:3      | Bought a scroll labelled XAUTUZEUMM for 23 gold pieces
  2002 | D:3      | Bought a fizzy yellow potion for 20 gold pieces
  2101 | D:4      | Found Nahuymm's Antique Armour Boutique.
  2127 | D:4      | Noticed Pikel
  2127 | D:4      | Noticed a lemure
  2127 | D:4      | Noticed a lemure
  2127 | D:4      | Noticed a lemure
  2127 | D:4      | Noticed a lemure
  2146 | D:3      | Slain by Pikel

Illustrated notes

Levels and vault maps discovered:
D:1:      eino_arrival_druids_welcome, layout_basic
D:2:      layout_basic
D:3:      layout_basic, serial_shops, shop, nicolae_shop_crystal,
          nicolae_shop_tiny_statue_garden, nicolae_shop_advertising_works
          [nicolae_subvault_shop_adworks]
D:4:      kennysheep_six_static_rooms, layout_cave_pods,
          mainiacjoe_overflow_tiny_flanked, lemuel_coloured_pillars_altar,
          serial_shops, shop, uniq_duvessa, uniq_robin, uniq_pikel, uniq_sigmund

Skill      XL: |  1  2  3 |
---------------+----------+-----
Dodging        | 3 |  3.1
Long Blades    | 3 |  3.3
Armour         | 1 |  1.1
Fighting       | |  2.6
Throwing       | |  1.7
Stealth        | |  0.1

Action                     || total
---------------------------++-------
  Melee: Long sword        ||   159
         Touch             ||    13
         Punch             ||     1
    Use: Potion            ||     2
         Scroll            ||     1
   Stab: Sleeping          ||     2
 Armour: Leather armour    ||    70
         Ring mail         ||    15
  Dodge: Dodged            ||   105
  Block: Buckler           ||     9
